 Dungeon Crawl Stone Soup version 0.31-a0-369-g8eba5f6939 (webtiles) character file.

Game seed: 16031935533476685275

104 arthad the Shield-Bearer (level 4, -4/29 HPs)
             Began as a Gargoyle Fighter on July 29, 2023.
             Slain by a gnoll
             ... wielding a +2 whip of pain
              (5 damage)
             ... on level 3 of the Dungeon.
             The game lasted 00:03:16 (1713 turns).

arthad the Shield-Bearer (Gargoyle Fighter)         Turns: 1713, Time: 00:03:17

Health: -4/29      AC: 10    Str: 21    XL:     4   Next: 80%
Magic:  13/13      EV: 14    Int:  9    God:
Gold:   57         SH:  4    Dex:  9    Spells: 3/3 levels left

rFire   . . .        a - +0 flail
rCold   . . .        c - +0 buckler
rNeg    + . .        b - +0 scale mail
rPois   ∞            (no helmet)
rElec   +            o - scarf {+Inv}
rCorr   .            (no gloves)
SInv    .            (no boots)
Will    .....        (no amulet) Stlth
                     m - +5 ring of evasion
HPRegen 0.24/turn    q - ring of magical power
MPRegen 0.13/turn

%: no passive effects
@: mighty, brilliant
A: sickness immunity, AC +3, negative energy resistance 1, electricity
resistance, torment resistance 1, petrification resistance
a: Evoke Invisibility


You were on level 3 of the Dungeon.
You visited 1 branch of the dungeon, and saw 3 of its levels.

You collected 57 gold pieces.

Inventory:

Hand Weapons
 a - a +0 flail (weapon)
Missiles
 e - 7 poisoned darts
Armour
 b - a +0 scale mail (worn)
 c - a +0 buckler (worn)
 o - a scarf of invisibility (worn)
Jewellery
 m - a +5 ring of evasion (left hand)
 p - a ring of ice
 q - a ring of magical power (right hand)
 s - a ring of poison resistance
Wands
 n - a wand of light (11)
 t - a wand of flame (28)
Scrolls
 f - a scroll of brand weapon {unknown}
 g - 2 scrolls of immolation {unknown}
 h - a scroll of revelation {unknown}
 i - a scroll of enchant armour {unknown}
 j - a scroll of teleportation {unknown}
 k - 4 scrolls of identify {unknown}
 l - a scroll of butterflies {unknown}


   Skills:
 * Level 3.9 Fighting
 * Level 2.7 Maces & Flails
 * Level 4.0 Armour
 + Level 0.8 Dodging
 * Level 4.0 Shields
 + Level 0.1 Evocations


You had 3 spell levels left.
You didn't know any spells.
Your spell library contained the following spells:

 Spells                   Type           Power      Damage    Failure   Level
 Sting                    Tmut/Pois      0%         1d3       78%         1
 Poisonous Vapours        Pois/Air       0%         N/A       89%         2
 Anguish                  Hex/Necr       0%         N/A       100%        4
 Cause Fear               Hex            0%         N/A       100%        4
 Olgreb's Toxic Radiance  Pois           0%         N/A       100%        4
 Enfeeble                 Hex            0%         N/A       100%        7


Dungeon Overview and Level Annotations

Branches:
Dungeon (3/15)

Altars:


Innate Abilities, Weirdness & Mutations

You are immune to sickness and miasma.
Your stone body is resilient. (AC +3)
You are immune to poison.
You resist negative energy. (rN+)
You are resistant to electric shocks. (rElec)
You are resistant to unholy torment.
You are immune to petrification.


Message History

The gnoll hits you but does no damage. x2
You sock the gnoll!
You kill the gnoll!
The gnoll hits you from afar with a +0 halberd!
The gnoll barely misses you. You block the gnoll's attack.
Things that are here:
a +0 whip; a gnoll corpse You sock the gnoll!
The gnoll is heavily wounded.
The gnoll hits you from afar with a +0 halberd.
The gnoll hits you with a +2 whip of pain.
You are too injured to fight recklessly!
You are too injured to fight recklessly!
You are too injured to fight recklessly!
You are too injured to fight recklessly!
You are too injured to fight recklessly!
You are too injured to fight recklessly!
You are too injured to fight recklessly!
You are too injured to fight recklessly!
You are too injured to fight recklessly!
You are too injured to fight recklessly!
You are too injured to fight recklessly!
You are too injured to fight recklessly!
You are too injured to fight recklessly!
It was a potion of brilliance.
You feel clever all of a sudden. The gnoll completely misses you.
The gnoll hits you but does no damage.
You feel very mighty all of a sudden. You block the gnoll's attack.
The gnoll hits you but does no damage.
You closely miss the gnoll.
The gnoll is heavily wounded.
The gnoll hits you from afar with a +0 halberd!
* * * LOW HITPOINT WARNING * * *
The gnoll closely misses you.
Unknown command.
You closely miss the gnoll.
The gnoll is heavily wounded.
You block the gnoll's attack.
The gnoll hits you with a +2 whip of pain.
You die...

####...#.#
#....#.#
#......#.#
#..#.#.#
#.####.#.#
#....... ##.#
#.... #.##..<.
#####..# ##....
#.# #..# #.....##
##.#... ...#
#.##### ... .##..
#.# #######...##
.....# #.#
##..@ggg...#
#....
##.###..####.##.#
#... #......##
#... #.#.####
#... #....# #.#.
###### ## #


You could see 3 gnolls.

Vanquished Creatures
  2 adders (D:2)
  2 gnolls
  2 worms
  An orc (D:3)
  3 ball pythons
  8 bats
  5 endoplasms
  2 giant cockroaches
  3 goblins
  3 hobgoblins
  8 kobolds
  8 quokkas
  4 frilled lizards (D:1)
  5 rats
56 creatures vanquished.

Notes
Turn   | Place    | Note
-------+----------+-------------------------------------------
     0 | D:1      | arthad the Gargoyle Fighter began the quest for the Orb.
     0 | D:1      | Reached XP level 1. HP: 14/14 MP: 1/1
    89 | D:1      | Reached XP level 2. HP: 19/19 MP: 2/2
   513 | D:1      | Reached XP level 3. HP: 23/23 MP: 3/3
  1022 | D:2      | Reached XP level 4. HP: 29/29 MP: 4/4
  1712 | D:3      | HP: 1/29 [gnoll/+0 halberd (9)]
  1713 | D:3      | Slain by a gnoll

Illustrated notes

Levels and vault maps discovered:
D:1:      tarquinn_simple_flora_water_e, layout_loops_ring
D:2:      layout_rooms, chequers_hall_statues_wall_a
D:3:      minmay_diamond_boxcup, layout_rooms,
          ebering_ecumenical_altar_abandoned

Skill      XL: |  1  2  3  4 |
---------------+-------------+-----
Shields        | 4 |  4.0
Armour         | 4 |  4.0
Fighting       | |  3.9
Maces & Flails | |  2.7
Dodging        | |  0.8
Evocations     | |  0.1

Action                     |  1- 3 |  4- 6 || total
---------------------------+-------+-------++-------
  Melee: Flail             |   151 |    74 ||   225
    Use: Potion            |     2 |     2 ||     4
 Armour: Scale mail        |    89 |    45 ||   134
  Dodge: Dodged            |    81 |    50 ||   131
  Block: Buckler           |    38 |    24 ||    62

Table legend: (Time is in decaauts)
 A = Elapsed time spent in this place.
 B = Non-inter-level travel time spent in this place.
 C = Inter-level travel time spent in this place.
 D = Time resting spent in this place.
 E = Time spent auto-exploring this place.
 F = Levels seen in this place.
 G = Mean time per level.
                   A        B        C        D        E       F      G
               +--------+--------+--------+--------+--------+-----+--------+
         Total |   1782 |   1744 |     38 |     27 |   1234 |   3 |  594.0 |
       Dungeon |   1782 |   1744 |     38 |     27 |   1234 |   3 |  594.0 |
               +--------+--------+--------+--------+--------+-----+--------+

Top non-repeatable levels by time:
     D:1: 868 daAuts
     D:2: 644 daAuts
     D:3: 269 daAuts
